 Dungeon Crawl Stone Soup version 0.16-a0-3389-g45633df (webtiles) character file.

205 BluebellGnoll the Sneak (level 5, 36/36 HPs)
             Began as an Octopode Wanderer on Dec 30, 2014.
             Quit the game on level 3 of the Dungeon.
             The game lasted 00:13:42 (3056 turns).

BluebellGnoll the Sneak (Octopode Wanderer)         Turns: 3056, Time: 00:13:42

Health: 36/36      AC:  1    Str: 11    XL:     5   Next: 83%
Magic:  5/5        EV: 12    Int: 16    God:
Gold:   66         SH:  0    Dex: 11    Spells: 0 memorised, 4 levels left

rFire  . . .     SeeInvis .     z - -1 spear (curse)
rCold  . . .     Clarity  .     (no shield)
rNeg   . . .     SustAb   .     (helmet restricted)
rPois  +         Gourm    .     (no amulet)
rElec  .         Spirit   .     i - ring of poison resistance
rCorr  .         Warding  .     (no ring)
rMut   .         Stasis   .     (no ring)
MR     .....                    (no ring)
Stlth  ++++......               (no ring)
                                (no ring)
                                (no ring)
                                (no ring)

@: not resistant to hostile enchantments, stealthy
A: almost no armour, amphibious, 8 rings, constrict 8, camouflage 1, gelatinous
body 1
a: no special abilities


You were on level 3 of the Dungeon.
You were hungry.

You visited 1 branch of the dungeon, and saw 3 of its levels.

You collected 66 gold pieces.

Inventory:

Hand weapons
 a - a +2 hand crossbow
 h - a +0 short sword
 x - a +0 blowgun
 z - a cursed -1 spear (weapon)
Missiles
 f - 19 bolts
 y - 9 poisoned needles
Jewellery
 i - a ring of poison resistance (left tentacle)
 u - an uncursed ring of fire
Scrolls
 b - 2 scrolls of teleportation
 k - 3 scrolls of enchant weapon {unknown}
 q - 3 scrolls of blinking {unknown}
 r - a scroll of noise {unknown}
 s - a scroll of random uselessness {unknown}
 v - a scroll of remove curse {unknown}
Potions
 d - a potion of ambrosia {unknown}
 e - a potion of resistance {unknown}
 j - a potion of poison {unknown}
 l - a potion of beneficial mutation {unknown}
 m - 3 potions of curing {unknown}
 n - a potion of heal wounds {unknown}
 o - a potion of cancellation {unknown}
 t - a potion of restore abilities {unknown}
 w - a potion of might {unknown}
Comestibles
 c - 3 chunks of flesh
 g - 2 bread rations
 p - a slice of pizza


   Skills:
 - Level 3.0 Fighting
 * Level 2.3 Short Blades
 - Level 5.0 Crossbows
 - Level 3.0 Dodging
 * Level 5.7 Stealth


You had 4 spell levels left.
You didn't know any spells.

Dungeon Overview and Level Annotations

Branches:
Dungeon (3/15)

Altars:
Ashenzari


Innate Abilities, Weirdness & Mutations

You cannot wear most types of armour.
You are amphibious.
You can wear up to eight rings at the same time.
You can use your tentacles to constrict many enemies at once.
Your skin changes colour to match your surroundings (Stealth).
Your rubbery body absorbs attacks (AC +1).


Message History

Aim: an ogre, wielding a giant spiked club You shoot a bolt.
The bolt hits the ogre.
The ogre is lightly wounded.
Firing (i - inventory):
f - 21 bolts (quivered)
Press: ? - help, Shift-Dir - straight line, f/p - ogre
Aim: an ogre, wielding a giant spiked club (lightly wounded)
You shoot a bolt. The bolt hits the ogre.
The ogre is moderately wounded.
Firing (i - inventory):
f - 20 bolts (quivered)
Press: ? - help, Shift-Dir - straight line, f/p - ogre
Aim: an ogre, wielding a giant spiked club (moderately wounded)
You shoot a bolt. The bolt hits the ogre!
The ogre is heavily wounded.
You are feeling hungry.
Some of the chunks of flesh in your inventory have rotted away.
Wield which item (- for none, * to show all)? (? for menu, Esc to quit)
It sticks to your tentacle!
z - a cursed -1 spear (weapon)
The ogre closely misses you.
Are you sure you want to abandon this character and quit the game? (Confirm with "yes".)

#...###....#).##
##.......#.....#
#.....##....##.#
#.....###.#.##.#####
#.....# #.#.##.....#
#.....###.#.##.###.#
#.....##....##.#
#..#O###..####.#
#....@....# #.#
#.##.###.## #.#
#.##.# #.# #.#
#.##.# #..g....#
#.##.# ######...
#.##.# #.##. #(##..
.. #. #(#### .## #.
#(# . .#


You could see an ogre.

Vanquished Creatures
  An orc priest (D:3)
  Terence (D:2)
  6 adders (D:2)
  2 giant mites
  4 worms
  3 giant geckos
  An ooze (D:1)
  2 orcs
  A ball python (D:1)
  5 bats
  5 giant cockroaches
  3 goblins (D:1)
  12 hobgoblins
  4 jackals (D:3)
  3 kobolds
  13 giant newts
  2 quokkas
  4 rats
72 creatures vanquished.

Notes
Turn   | Place    | Note
--------------------------------------------------------------
     0 | D:1      | BluebellGnoll, the Octopode Wanderer, began the quest for the Orb.
     0 | D:1      | BluebellGnoll set off with: a +2 hand crossbow, a scroll of teleportation, a potion of lignification, a +0 dagger, 20 bolts, a bread ration
     0 | D:1      | Reached XP level 1. HP: 16/16 MP: 1/1
   121 | D:1      | Reached skill level 1 in Dodging
   131 | D:1      | Reached XP level 2. HP: 21/21 MP: 2/2
   619 | D:1      | Reached XP level 3. HP: 19/26 MP: 3/3
  1225 | D:2      | Noticed Terence
  1229 | D:2      | Killed Terence
  1300 | D:2      | Found a shattered altar of Ashenzari.
  1305 | D:2      | Reached XP level 4. HP: 31/31 MP: 4/4
  1500 | D:2      | Reached skill level 1 in Short Blades
  2194 | D:2      | Reached XP level 5. HP: 30/36 MP: 5/5
  2517 | D:3      | Reached skill level 5 in Stealth
  3010 | D:3      | Noticed an ogre
  3056 | D:3      | Quit the game

Action                   |  1- 3 |  4- 6 || total
-------------------------+-------+-------++-------
Melee: Short sword       |    17 |    63 ||    80
 Fire: Hand crossbow     |    51 |    53 ||   104
  Use: Potion            |       |     1 ||     1
 Stab: Sleeping          |     5 |     6 ||    11
  Eat: Chunk             |     1 |     5 ||     6
